 Dungeon Crawl Stone Soup version 0.23-a0-435-g79ed067 (webtiles) character file.

2127 galech the Chopper (level 9, -17/64 (66) HPs)
             Began as a Demonspawn Fighter on Nov 15, 2018.
             Was an Initiate of Okawaru.
             Demolished by Harold
             ... wielding a +0 long sword
              (18 damage)
             ... on level 5 of the Dungeon.
             The game lasted 00:08:35 (5754 turns).

galech the Chopper (Demonspawn Fighter)             Turns: 5754, Time: 00:08:36

HP:   -17/64 (66)   AC: 16    Str: 18    XL:     9   Next: 8%
MP:   0/9           EV:  4    Int:  9    God:    Okawaru [......]
Gold: 149           SH: 10    Dex: 15    Spells: 8/8 levels left

rFire    . . .     SeeInvis .   a - +0 war axe
rCold    + . .     Gourm    .   c - +0 shield
rNeg     . . .     Faith    .   o - +0 plate armour
rPois    .         Spirit   +   (helmet restricted)
rElec    .         Reflect  .   y - +0 cloak
rCorr    .         Harm     .   (no gloves)
MR       .....                  (no boots)
Stlth    ..........             F - amulet of the acrobat
HPRegen  0.20/turn              b - ring of attention (curse)
MPRegen  0.22/turn              (no ring)

@: marked
A: horns 2, slimy green scales 2, cold resistance 1, magic shield, magic
regeneration
a: Renounce Religion


You were on level 5 of the Dungeon.
You worshipped Okawaru.
Okawaru was noncommittal.
You were not hungry.

You visited 2 branches of the dungeon, and saw 8 of its levels.

You collected 334 gold pieces.
You spent 185 gold pieces at shops.

Inventory:

Hand Weapons
 a - a +0 war axe (weapon)
 E - a +2 vampiric hand axe
Armour
 c - a +0 shield (worn)
 o - a +0 plate armour (worn)
 u - a +0 leather armour of cold resistance
 y - a +0 cloak (worn)
Jewellery
 b - a cursed ring of attention (left hand)
 F - an amulet of the acrobat (around neck)
Wands
 g - a wand of polymorph (5)
 t - a wand of digging (9)
 v - a wand of flame (18)
Scrolls
 d - 3 scrolls of enchant weapon
 h - a scroll of fog
 j - 7 scrolls of remove curse
 k - 2 scrolls of amnesia
 m - 3 scrolls of teleportation
 r - a scroll of immolation
 w - 2 scrolls of magic mapping
 D - 2 scrolls of fear {unknown}
Potions
 e - a potion of heal wounds
 i - 3 potions of degeneration {unknown}
 l - 3 potions of cancellation {unknown}
 n - a potion of berserk rage {unknown}
 p - 3 potions of magic {unknown}
 q - 2 potions of resistance {unknown}
 s - 2 potions of curing
 x - a potion of ambrosia {unknown}
 A - a potion of haste {unknown}
 B - a potion of invisibility {unknown}
 G - a potion of flight {unknown}
Comestibles
 f - 9 rations


   Skills:
 + Level 4.7 Fighting
 + Level 7.9 Axes
 + Level 5.1 Armour
 + Level 1.5 Dodging
 + Level 0.2 Stealth
 + Level 5.8 Shields
 + Level 0.2 Unarmed Combat


You had 8 spell levels left.
You didn't know any spells.
Your spell library was empty.

Dungeon Overview and Level Annotations

Branches:
Dungeon (7/15)             Temple (1/1) D:6

Altars:
Cheibriados
Fedhas
Gozag
Hepliaklqana
Kikubaaqudgha
Makhleb
Nemelex Xobeh
Okawaru
Qazlal
Ru
Trog
Wu Jian
Xom
The Shining One

Shops:
D:4 ?

Annotations:
D:5 Harold
D:6 Pikel


Innate Abilities, Weirdness & Mutations

You have a pair of horns on your head.
You are mostly covered in slimy green scales. (AC +3)
Your flesh is cold resistant. (rC+)
When hurt, damage is shared between your health and your magic reserves.
You regenerate magic rapidly.


Message History

You block Harold's attack.
You hit Harold.
Harold is lightly wounded.
Harold hits you with a +0 long sword!
* * * LOW HITPOINT WARNING * * *
You slash Harold!
Harold is lightly wounded.
Harold hits you with a +0 long sword.
* * * LOW HITPOINT WARNING * * *
You hit Harold.
Harold is lightly wounded.
You block Harold's attack.
You hit Harold.
Harold is moderately wounded.
Harold hits you with a +0 long sword!
* * * LOW HITPOINT WARNING * * *
You slash Harold! You headbutt Harold!
Harold is heavily wounded.
Harold hits you with a +0 long sword!!
You die...

#'#..##.# #.#.#
.....##.######...####
._..##..#...........#
...##..##...........#
#.##................#
###..####...........#
....## #...........#
.#### #...........#
.# #.......@...# .#
#........@..# .#
#...>.......# .#
########'####
.########## #.#
.#........# #.#
.#.######.######.#
............[....#
##.#.###.#########


You could see Harold.

Vanquished Creatures
  Sigmund (D:3)
  2 orc warriors
  A phantom (D:6)
  An ogre (D:5)
  A necrophage (D:3)
  A centaur (D:5)
  Blork the orc (D:5)
  2 bullfrogs (D:6)
  3 wights (D:6)
  2 howler monkeys
  A crimson imp (D:5)
  4 hounds
  3 orc priests
  A jelly (D:5)
  9 orc wizards
  A bullfrog skeleton (D:5)
  Jessica (D:3)
  An iguana (D:6)
  Ijyb (D:3)
  Natasha (thrice) (D:3)
  2 worker ants (D:5)
  A worker ant zombie (D:6)
  Robin (D:2)
  A gnoll (D:1)
  8 adders
  2 shadow imps (D:5)
  An adder skeleton (D:5)
  9 worms
  3 dart slugs
  7 leopard geckos
  16 orcs
  16 bats
  7 giant cockroaches
  13 goblins
  10 hobgoblins
  21 jackals
  5 kobolds
  A ball python (D:3)
  8 frilled lizards
  9 rats
181 creatures vanquished.

Notes
Turn   | Place    | Note
-------+----------+-------------------------------------------
     0 | D:1      | galech the Demonspawn Fighter began the quest for the Orb.
     0 | D:1      | Reached XP level 1. HP: 18/18 MP: 1/1
    24 | D:1      | Gained mutation: You have a pair of small horns on your
                  | head. [demonic ancestry]
    24 | D:1      | Reached XP level 2. HP: 14/24 MP: 2/2
    90 | D:1      | Reached skill level 2 in Axes
   150 | D:1      | Gained mutation: You have a pair of horns on your head.
                  | [demonic ancestry]
   150 | D:1      | Reached XP level 3. HP: 16/29 MP: 3/3
   600 | D:2      | Noticed Robin
   604 | D:2      | Noticed a moth of wrath
   609 | D:2      | Killed Robin
   632 | D:2      | Gained mutation: You are partially covered in slimy green
                  | scales. (AC +2) [demonic ancestry]
   632 | D:2      | Reached XP level 4. HP: 29/35 MP: 4/4
   639 | D:2      | Reached skill level 3 in Axes
   830 | D:2      | Found a faded altar of an unknown god.
  1186 | D:2      | Found a bloodstained altar of Trog.
  1409 | D:3      | Noticed Ijyb
  1418 | D:2      | Gained mutation: When hurt, damage is shared between your
                  | health and your magic reserves. [demonic ancestry]
  1418 | D:2      | Reached XP level 5. HP: 41/41 MP: 5/5
  1433 | D:3      | Killed Ijyb
  1479 | D:3      | Noticed Natasha
  1483 | D:3      | Killed Natasha
  1515 | D:3      | Noticed Jessica
  1516 | D:3      | Noticed Natasha
  1521 | D:3      | Reached skill level 4 in Axes
  1523 | D:3      | Killed Natasha
  1529 | D:3      | Killed Jessica
  1841 | D:3      | Reached XP level 6. HP: 42/47 MP: 6/6
  1886 | D:3      | Noticed Sigmund
  1888 | D:3      | Noticed Natasha
  1897 | D:3      | Killed Natasha
  1901 | D:3      | Killed Sigmund
  2099 | D:3      | Reached skill level 5 in Axes
  2099 | D:3      | Gained mutation: You are mostly covered in slimy green
                  | scales. (AC +3) [demonic ancestry]
  2099 | D:3      | Reached XP level 7. HP: 47/51 MP: 7/7
  3107 | D:4      | Found Jioji's Magic Scroll Shoppe.
  3267 | D:4      | Bought a scroll of magic mapping for 35 gold pieces
  3267 | D:4      | Bought a scroll of enchant weapon for 75 gold pieces
  3267 | D:4      | Bought a scroll of identify for 20 gold pieces
  3267 | D:4      | Bought a scroll of identify for 20 gold pieces
  3267 | D:4      | Bought a scroll of magic mapping for 35 gold pieces
  3430 | D:5      | Entered Level 5 of the Dungeon
  3650 | D:5      | Reached skill level 6 in Axes
  3650 | D:5      | Gained mutation: You regenerate magic rapidly. [demonic
                  | ancestry]
  3650 | D:5      | Reached XP level 8. HP: 49/58 MP: 6/8
  3840 | D:5      | Found a sparkling altar of Nemelex Xobeh.
  3862 | D:5      | Reached skill level 5 in Shields
  3876 | D:5      | Found an ornate altar of the Wu Jian Council.
  3876 | D:5      | Found a stormy altar of Qazlal.
  4208 | D:5      | Noticed Blork the orc
  4217 | D:5      | Killed Blork the orc
  4217 | D:5      | Reached skill level 7 in Axes
  4345 | D:6      | Reached skill level 1 in Dodging
  4499 | D:6      | Reached skill level 5 in Armour
  4515 | D:6      | Found a staircase to the Ecumenical Temple.
  4704 | D:6      | Gained mutation: Your flesh is cold resistant. (rC+)
                  | [demonic ancestry]
  4704 | D:6      | Reached XP level 9. HP: 52/64 MP: 9/9
  4936 | Temple   | Entered the Ecumenical Temple
  5073 | Temple   | Became a worshipper of Warmaster Okawaru
  5461 | D:7      | Noticed Harold
  5463 | D:7      | Noticed Pikel
  5753 | D:5      | HP: 1/64 [Harold/+0 long sword (8)]
  5754 | D:5      | Demolished by Harold

Vault maps used:
D:1:      mrwooster_arrival_arrow, hex_tiny, minmay_vboxes
D:2:      chequers_ecumenical_altar_simple, tgw_trog, uniq_robin
D:3:      uniq_ijyb, uniq_jessica, uniq_sigmund, uniq_natasha
D:4:      serial_shops, shop
D:5:      gammafunk_temple_overflow_elements, first_ration,
          nemelex_lonely_heart_becter, uniq_blork_the_orc
D:6:      minmay_temple_entry_statues
D:7:      grunt_livestock, uniq_pikel, uniq_crazy_yiuf_cottage, uniq_harold
Temple:   dpeg_five_rooms_temple

Skill      XL: |  1  2  3  4  5  6  7  8 |
---------------+-------------------------+-----
Axes           | 2 3 4 5 6 7 |  7.9
Armour         | 3 4 5 |  5.1
Shields        | 3 4 5 |  5.8
Fighting       | 4 |  4.7
Dodging        | 1 |  1.5
Stealth        | |  0.2
Unarmed Combat | |  0.2

Action                   |  1- 3 |  4- 6 |  7- 9 || total
-------------------------+-------+-------+-------++-------
Melee: War axe           |   104 |   162 |   348 ||   614
       Headbutt          |     9 |    33 |    56 ||    98
       Unarmed           |       |       |    17 ||    17
  Use: Potion            |       |     1 |     1 ||     2
       Scroll            |       |       |     7 ||     7
  Eat: Chunk             |       |     4 |    11 ||    15
       Ration            |       |       |     1 ||     1
Armor: Scale mail        |    16 |       |       ||    16
       Plate armour      |    64 |   115 |   257 ||   436
Dodge: Dodged            |    25 |    19 |    76 ||   120
Block: Shield            |    86 |    89 |   208 ||   383

Table legend:
 A = Non-vault XP
 B = Vault XP
 C = Vault XP percentage of total XP
 D = Non-vault monster count
 E = Vault monster count
 F = Vault count percentage of total count
                 A         B        C        D         E       F
            +---------+---------+-------+---------+---------+-------
      Total |    2546 |     493 |  16.2 |     157 |      24 |  13.3
            +---------+---------+-------+---------+---------+-------
        D:1 |      48 |       4 |   7.7 |      19 |       3 |  13.6
        D:2 |      95 |      53 |  35.8 |      37 |      16 |  30.2
        D:3 |     325 |     336 |  50.8 |      25 |       4 |  13.8
        D:4 |     314 |       0 |   0.0 |      18 |       0 |   0.0
        D:5 |     829 |     100 |  10.8 |      31 |       1 |   3.1
        D:6 |     935 |       0 |   0.0 |      27 |       0 |   0.0
            +---------+---------+-------+---------+---------+-------
